Map: Ulrena

Players

zidar

  • Race: Zerg Zerg
  • League: Silver
  • Spawn Location: 11:00

pupu - Winner!

  • Race: Protoss Protoss
  • League: Silver
  • Spawn Location: 7:00

VOD

Have the link to the VOD?

Description

Time

  • Played on: Feb. 10, 2016, 2:50 p.m.
  • Length: 10:28
Show
View Real Time Build Order
Export as new Build Order

zidar Zerg 

Build Orders: Pool First 

Get SALT Encoding   

  12  0:04  Drone  
  13  0:12  Overlord  
  13  0:17  Drone  
  14  0:30  Drone x2  
  16  0:36  Drone  
  17  0:50  Spawning Pool  
  17  0:51  Drone  
  17  1:16  Hatchery  
  16  1:19  Drone  
  16  1:22  Extractor  
  16  1:49  Queen  
  16  1:51  Drone  
  16  1:52  Drone x2  
  21  2:03  Overlord  
  21  2:25  Queen, Drone  
  21  2:26  Drone  
  25  2:49  Zergling x8  
  29  3:09  Zergling x12  
  35  3:18  Metabolic Boost  
  35  3:43  Zergling x2  
  35  3:44  Zergling x2  
  27  4:15  Roach Warren  
  26  4:18  Spore Crawler  
  25  4:26  Zergling x14  
  25  4:27  Zergling x2  
  33  4:36  Spore Crawler  
  31  4:53  Extractor  
  15  5:38  Queen  
  17  5:48  Lair  
  17  5:50  Roach  
  17  5:51  Roach x8  
  17  5:54  Overlord  
  17  5:55  Overlord x2  
  35  5:58  Drone  
  36  6:13  Drone x3  
  39  6:24  Drone  
  40  6:31  Drone x7  
  47  6:54  Hydralisk Den  
  36  7:15  Spore Crawler x2  
  36  7:17  Spore Crawler  
  25  7:43  Drone x7  
  28  7:50  Hydralisk x2  
  26  7:58  Hydralisk  
  28  8:06  Drone  
  26  8:33  Hydralisk x3  
  32  8:34  Hydralisk  
  34  8:46  Roach  
  34  8:47  Roach  
  36  9:06  Roach x3  
  38  9:37  Roach x4  
Show
View Real Time Build Order
Export as new Build Order

pupu Protoss - Winner!

Build Orders: Oracle Opening 

Get SALT Encoding   

  12  0:01  Probe (Chrono Boost)  
  13  0:11  Probe (Chrono Boost)  
  14  0:19  Pylon  
  14  0:22  Probe (Chrono Boost)  
  15  0:38  Gateway  
  15  0:42  Probe (Chrono Boost)  
  16  0:45  Assimilator  
  16  0:53  Probe (Chrono Boost)  
  16  0:56  Assimilator  
  17  1:03  Probe (Chrono Boost)  
  18  1:09  Pylon  
  18  1:17  Probe (Chrono Boost)  
  19  1:28  Probe (Chrono Boost)  
  20  1:34  Cybernetics Core  
  20  1:38  Probe (Chrono Boost)  
  21  2:03  Nexus  
  21  2:05  Probe (Chrono Boost)  
  22  2:20  Stargate  
  21  2:29  Probe (Chrono Boost)  
  22  2:32  Warp Gate (Chrono Boost)  
  22  2:36  Stalker  
  24  2:42  Probe (Chrono Boost)  
  25  2:53  Probe  
  26  3:05  Oracle (Chrono Boost), Probe  
  30  3:16  Pylon  
  30  3:17  Probe  
  31  3:29  Adept  
  30  3:51  Oracle (Chrono Boost)  
  30  4:01  Mothership Core  
  32  4:13  Probe  
  33  4:26  Gateway  
  33  4:27  Void Ray  
  33  4:28  Gateway  
  33  4:30  Gateway  
  33  4:36  Probe  
  38  4:48  Probe  
  39  4:54  Zealot  
  19  5:27  Probe x2  
  18  5:39  Probe  
  19  5:43  Oracle  
  19  5:46  Probe  
  23  5:51  Probe  
  24  5:58  Probe  
  24  6:01  Gateway  
  24  6:04  Probe  
  26  6:11  Probe  
  27  6:16  Sentry, Probe  
  30  7:20  Stalker x3  
  30  7:21  Stalker  
  38  7:24  Probe x2  
  40  7:36  Probe  
  41  7:54  Probe x2, Pylon  
  43  7:58  Pylon  
  43  8:03  Pylon  
  43  8:06  Probe  
  44  8:29  Stalker  
  44  8:31  Zealot x3  
  44  8:32  Zealot  
  50  9:06  Probe  
  50  9:07  Probe  
  52  9:10  Assimilator  
  52  9:18  Zealot x5  
  52  9:19  Probe x2  
  64  9:31  Probe  
Tags
 
Add a new tag
Caveats
  • Supply blocks, unpowered buildings, or Contaminate may cause inaccurate times.
  • Supply counts are checked every 10 seconds.